 Dungeon Crawl Stone Soup version 0.30.0-20-g3b4254fcbd (webtiles) character file.

Game seed: 7587390249413309110

880 joshe the Thaumaturge (level 7, -6/36 HPs)
             Began as a Deep Elf Conjurer on June 3, 2023.
             Was an Initiate of Hepliaklqana.
             Mangled by Duvessa
             ... wielding a +0 short sword
              (9 damage)
             ... on level 4 of the Dungeon.
             The game lasted 00:17:32 (7122 turns).

joshe the Thaumaturge (Deep Elf Conjurer)           Turns: 7122, Time: 00:17:33

Health: -6/36      AC:  2    Str:  4    XL:     7   Next: 75%
Magic:  3/20       EV: 13    Int: 25    God:    Hepliaklqana [......]
Gold:   182        SH:  0    Dex: 13    Spells: 11/22 levels left

rFire   . . .        j - +0 dagger (elec)
rCold   . . .        (no shield)
rNeg    . . .        a - +0 robe
rPois   .            (no helmet)
rElec   .            (no cloak)
rCorr   .            (no gloves)
SInv    .            (no boots)
Will    .....        (no amulet)
Stlth   ++           (no ring)
HPRegen 0.26/turn    (no ring)
MPRegen 0.17/turn

%: no passive effects
@: about to teleport, attractive, flying
A: no striking features
a: Renounce Religion


You were on level 4 of the Dungeon.
You worshipped Hepliaklqana.
Hepliaklqana was noncommittal.
You visited 2 branches of the dungeon, and saw 5 of its levels.

You collected 182 gold pieces.

Inventory:

Hand Weapons
 j - a +0 dagger of electrocution (weapon)
Armour
 a - a +0 robe (worn)
Scrolls
 e - 2 scrolls of magic mapping {unknown}
 g - 2 scrolls of immolation {unknown}
 h - a scroll of noise {unknown}
 n - a scroll of silence {unknown}
Potions
 b - a potion of magic
 c - a potion of flight
 d - 2 potions of curing
 f - a potion of might {unknown}
 i - a potion of heal wounds {unknown}
 l - a potion of cancellation {unknown}
 m - a potion of attraction
 o - 2 potions of ambrosia {unknown}
 p - a potion of haste {unknown}


   Skills:
 + Level 3.6 Dodging
 - Level 2.4 Stealth
 - Level 8.0 Spellcasting
 - Level 5.0 Conjurations
 - Level 6.0 Hexes
 - Level 3.0 Translocations
 - Level 2.0 Invocations


You had 11 spell levels left.
You knew the following spells:

 Your Spells              Type           Power      Damage    Failure   Level
a - Magic Dart            Conj           100%       1d8       1%          1
b - Searing Ray           Conj           70%        2d7       1%          2
c - Fulminant Prism       Conj/Hex       18%        3d10      6%          4
d - Iskenderun's Mystic   Conj/Tloc      30%        2d8       12%         4

Your spell library contained the following spells:

 Spells                   Type           Power      Damage    Failure   Level
 Dazzling Flash           Conj/Hex       74%        N/A       1%          3
 Tukima's Dance           Hex            40%        N/A       1%          3
 Scorch                   Fire           20%        2d5       9%          2
 Passage of Golubria      Tloc           25%        N/A       17%         4
 Flame Wave               Conj/Fire      22%        2d8       22%         4
 Yara's Violent Unravell  Hex/Tmut       12%        3d7       43%         5
 Summon Cactus Giant      Summ           5%         N/A       100%        6


Dungeon Overview and Level Annotations

Branches:
Dungeon (4/15)             Temple (1/1) D:4

Altars:
Ashenzari
Cheibriados
Dithmenos
Elyvilon
Fedhas
Gozag
Hepliaklqana
Kikubaaqudgha
Nemelex Xobeh
Okawaru
Qazlal
Ru
Sif Muna
Uskayaw
Vehumet
Wu Jian
Xom
Yredelemnul
Zin
The Shining One

Annotations:
D:3 2 transporters
D:4 Duvessa


Message History

Training target 2.0 for Invocations reached!
Your Dodging skill increases to level 3!
Your Invocations skill gained 2 levels and is now at level 2!
Casting: Iskenderun's Mystic Blast (quite dangerous; 12% risk of failure)
Confirm with . or Enter, or press ? or * to list all spells.
The spell is quite dangerous to miscast (12% risk of failure)!
Continue anyway?
You erupt in a blast of force!
The mystic blast hits Duvessa.
Duvessa is heavily wounded.
Duvessa is knocked back by the mystic blast.
Casting: Iskenderun's Mystic Blast (quite dangerous; 12% risk of failure)
Confirm with . or Enter, or press ? or * to list all spells.
The spell is quite dangerous to miscast (6% risk of failure)!
Continue anyway?
Aiming: Fulminant Prism (quite dangerous; 6% risk of failure)
Press: ? - help, Dir - move target
Okay, then.
There is a stone staircase leading up here.
Casting: Fulminant Prism (quite dangerous; 6% risk of failure)
Confirm with . or Enter, or press ? or * to list all spells.
The spell is quite dangerous to miscast (12% risk of failure)!
Continue anyway?
You erupt in a blast of force!
The mystic blast hits Duvessa.
Duvessa is heavily wounded.
Duvessa closely misses you.
Unknown command.
As you read the scroll of teleportation, it crumbles to dust.
You feel strangely unstable. Duvessa misses you.
Duvessa hits you with a +0 short sword! Duvessa attacks as you move away!
Duvessa hits you with a +0 short sword! The adder bites you but does no damage.
It was a potion of flight.
You feel very buoyant.
You fly up into the air.
Duvessa hits you with a +0 short sword!
* * * LOW HITPOINT WARNING * * *
The adder bites you but does no damage. Duvessa hits you with a +0 short sword.
* * * LOW HITPOINT WARNING * * *
It was a potion of attraction.
You feel attractive to monsters. The adder bites you.
* * * LOW HITPOINT WARNING * * *
Duvessa hits you with a +0 short sword!
You die...

##.....######.#..##...##..,,,,,,,
.#....#......###..........,******
#.#..###.####.#()###.#.#..,*,,,,,
.....# ##......#.##*.#,**,,',,,,,
#.#..###.#######..##.#,**,,*,,,,,
#.#...#.## ##....#,,**),*,,,,,
..#..#.## #....##*,,,,,******
##...#.# ##Se.[#,***,,,,,,,,
##.#.#.# #@.##.#* *,,,,****
.....#.## #..#*## *,****
##.##...# **#..#******,*
...##...### *,....,,l,,,,*
###.......#***,#####*******
#..........,,* #.......###***
###...### #...#


You could see Duvessa (berserk) and an adder.

Vanquished Creatures
  Sigmund (D:4)
  Edmund (D:4)
  An ogre (D:4)
  A scorpion (D:4)
  Dowan (D:4)
  A hound (D:4)
  A sleepcap (D:4)
  Natasha (thrice) (D:3)
  2 iguanas (D:4)
  2 orc wizards (D:3)
  10 adders
  An ufetubus (D:4)
  A dart slug (D:4)
  5 orcs (D:3)
  5 bats
  3 endoplasms
  2 giant cockroaches
  7 hobgoblins
  3 jackals (D:4)
  6 kobolds
  3 quokkas
  10 ball pythons
  2 frilled lizards
  7 goblins
  7 rats
86 creatures vanquished.

Vanquished Creatures (others)
  17 fulminant prisms (D:4)
17 creatures vanquished.

Grand Total: 103 creatures vanquished

Notes
Turn   | Place    | Note
-------+----------+-------------------------------------------
     0 | D:1      | joshe the Deep Elf Conjurer began the quest for the Orb.
     0 | D:1      | Reached XP level 1. HP: 10/10 MP: 6/6
   453 | D:1      | Reached XP level 2. HP: 15/15 MP: 4/8
   456 | D:1      | Learned a level 2 spell: Searing Ray
  1061 | D:1      | Found a faded altar of an unknown god.
  1533 | D:2      | Reached skill level 4 in Spellcasting
  1629 | D:2      | Reached skill level 5 in Conjurations
  1629 | D:2      | Reached XP level 3. HP: 19/19 MP: 5/10
  2300 | D:3      | Reached skill level 5 in Spellcasting
  2300 | D:3      | Reached skill level 1 in Hexes
  2609 | D:3      | Reached XP level 4. HP: 24/24 MP: 8/13
  2844 | D:3      | Learned a level 4 spell: Fulminant Prism
  2860 | D:3      | Found a stormy altar of Qazlal.
  2901 | D:3      | Found a glowing silver altar of Zin.
  2927 | D:3      | Reached XP level 5. HP: 22/28 MP: 6/15
  3040 | D:3      | Learned a level 4 spell: Iskenderun's Mystic Blast
  3215 | D:3      | Reached skill level 6 in Spellcasting
  3337 | D:3      | Noticed Natasha
  3340 | D:3      | Killed Natasha
  3578 | D:3      | Found an iron altar of Okawaru.
  3578 | D:3      | Found a white marble altar of Elyvilon.
  3581 | D:3      | Noticed an ice beast
  3584 | D:3      | Found a transporter.
  3585 | D:3      | Noticed an ice beast
  3597 | D:3      | Found a transporter.
  3921 | D:3      | Noticed Natasha
  3970 | D:4      | Noticed an ogre
  4033 | D:3      | Killed Natasha
  4082 | D:3      | Noticed Natasha
  4090 | D:3      | Killed Natasha
  4091 | D:3      | Reached skill level 5 in Hexes
  4091 | D:3      | Reached XP level 6. HP: 27/32 MP: 6/17
  4279 | D:3      | Found a glowing silver altar of Zin.
  4280 | D:3      | Found a stormy altar of Qazlal.
  4389 | D:3      | Found an iron altar of Okawaru.
  4389 | D:3      | Found a white marble altar of Elyvilon.
  4395 | D:3      | Found a transporter.
  4406 | D:3      | Found a transporter.
  5603 | D:4      | Noticed Sigmund
  5617 | D:4      | Killed Sigmund
  5618 | D:4      | Reached XP level 7. HP: 36/36 MP: 8/19
  5620 | D:4      | Noticed Edmund
  5819 | D:4      | Reached skill level 7 in Spellcasting
  5903 | D:4      | Found a sacrificial altar of Ru.
  5944 | D:4      | Found a staircase to the Ecumenical Temple.
  5953 | Temple   | Entered the Ecumenical Temple
  5971 | Temple   | Became a worshipper of Hepliaklqana the Forgotten
  6419 | D:4      | Noticed Dowan
  6428 | D:4      | Killed Dowan
  6429 | D:4      | Reached skill level 8 in Spellcasting
  6429 | D:4      | Noticed Duvessa
  6888 | D:4      | Found a staircase to the Ecumenical Temple.
  7076 | D:4      | Found a sacrificial altar of Ru.
  7113 | D:4      | Killed Edmund
  7122 | D:4      | Mangled by Duvessa

Illustrated notes

Levels and vault maps discovered:
D:1:      eino_arrival_water_cross, layout_basic,
          shapermc_ecumenical_altar_petra
D:2:      layout_basic, serial_rivers, chequers_serial_rivers_marsh,
          chequers_serial_rivers_room_b, chequers_serial_rivers_micro_c,
          chequers_serial_rivers_small_a
D:3:      layout_basic, nicolae_overflow_squiral,
          gammafunk_temple_overflow_arena, patterned_corridor, uniq_natasha
D:4:      layout_loops_ring, nicolae_ru_the_path_less_chosen,
          minmay_temple_entry_junction_2, nrook_mini_vaults, chequers_jeans,
          uniq_edmund, uniq_duvessa, uniq_sigmund
Temple:   lightli_temple_of_artemis

Skill      XL: |  1  2  3  4  5  6  7 |
---------------+----------------------+-----
Spellcasting   | 4 5 6 8 |  8.0
Conjurations   | 5 |  5.0
Hexes          | 1 2 5 6 |  6.0
Translocations | 3 |  3.0
Dodging        | 3 |  3.6
Invocations    | 2 |  2.0
Stealth        | |  2.4

Action                     |  1- 3 |  4- 6 |  7- 9 || total
---------------------------+-------+-------+-------++-------
   Cast: Magic Dart        |    70 |    37 |    15 ||   122
         Searing Ray       |     5 |    17 |     4 ||    26
         Fulminant Prism   |       |     8 |     9 ||    17
         Iskenderun's Myst |       |     1 |     7 ||     8
    Use: Potion            |       |     2 |     2 ||     4
         Scroll            |       |       |     3 ||     3
 Armour: Robe              |     3 |       |     2 ||     5
  Dodge: Dodged            |     8 |     8 |     2 ||    18
